 Dungeon Crawl Stone Soup version 0.28-a0-537-g3bccd9ccbf (webtiles) character file.

Game seed: 1856652862473981875

105 Tocho the Skirmisher (level 4, -1/35 HPs)
             Began as a Demonspawn Fighter on Sept 27, 2021.
             Slain by a gnoll (5 damage)
             ... on level 3 of the Dungeon.
             The game lasted 00:03:05 (2661 turns).

Tocho the Skirmisher (Demonspawn Fighter)           Turns: 2661, Time: 00:03:06

Health: -1/35      AC:  3    Str: 17    XL:     4   Next: 53%
Magic:  4/4        EV: 11    Int: 10    God:
Gold:   118        SH:  0    Dex: 12    Spells: 3/3 levels left

rFire   . . .      SeeInvis .   p - +0 falchion
rCold   . . .      Faith    .   (no shield)
rNeg    . . .      Spirit   .   q - +0 leather armour
rPois   .          Reflect  .   (helmet restricted)
rElec   .          Harm     .   (no cloak)
rCorr   .          Rampage  .   (no gloves)
Will    .....                   (no boots)
Stlth   +.........              (no amulet)
HPRegen 0.11/turn               (no ring)
MPRegen 0.09/turn               (no ring)

@: no status effects
A: antennae 1, ignite blood 1
a: no special abilities


You were on level 3 of the Dungeon.
You visited 1 branch of the dungeon, and saw 3 of its levels.

You collected 118 gold pieces.

Inventory:

Hand Weapons
 a - a +0 long sword
 p - a +0 falchion (weapon)
Armour
 b - a +0 scale mail
 q - a +0 leather armour (worn)
Wands
 o - a wand of flame (12) (quivered)
Scrolls
 c - a scroll of magic mapping {unknown}
 g - 2 scrolls of identify {unknown}
 j - a scroll of enchant armour {unknown}
 k - a scroll of teleportation {unknown}
 m - a scroll of enchant weapon {unknown}
Potions
 d - 2 potions of might
 e - a potion of cancellation {unknown}
 f - 2 potions of mutation {unknown}
 h - a potion of heal wounds {unknown}
 i - a potion of degeneration {unknown}
 l - 2 potions of invisibility {unknown}
 n - a potion of lignification {unknown}
 r - a potion of ambrosia {unknown}


   Skills:
 + Level 3.4 Fighting
 + Level 3.2 Long Blades
 + Level 3.4 Armour
 + Level 0.1 Dodging
 + Level 0.2 Stealth
 + Level 2.9 Shields


You had 3 spell levels left.
You didn't know any spells.
Your spell library was empty.

Dungeon Overview and Level Annotations

Branches:
Dungeon (3/15)

Altars:

Annotations:
D:3 2 transporters, Dittersdorf's ghost, amateur GrFi


Innate Abilities, Weirdness & Mutations

You have a pair of small antennae on your head.
Your demonic aura sometimes causes spilled blood to erupt in flames.


Message History

You kill the gnoll!
Your Long Blades skill increases to level 3!
Unknown command.
Aiming: Throw Flame
Press: ? - help, Q - select action Shift-Dir - straight line, f - gnoll
Aim: a gnoll, wielding a +0 spear (72% to hit)
The puff of flame hits the gnoll.
The gnoll is moderately wounded.
Aiming: Throw Flame
Press: ? - help, Q - select action Shift-Dir - straight line, f/p - gnoll
Aim: a gnoll, wielding a +0 spear (moderately wounded, 72% to hit)
The puff of flame hits the gnoll.
The gnoll is severely wounded.
Aiming: Throw Flame
Press: ? - help, Q - select action Shift-Dir - straight line, f/p - gnoll
Aim: a gnoll, wielding a +0 spear (severely wounded, 72% to hit)
The puff of flame misses the gnoll.
The puff of flame hits the gnoll.
The gnoll is moderately wounded.
The gnoll hits you from afar with a +0 spear.
* * * LOW HITPOINT WARNING * * *
Aiming: Throw Flame
Press: ? - help, Q - select action Shift-Dir - straight line, f/p - gnoll
Aim: a gnoll, wielding a +0 spear (severely wounded, 72% to hit)
The puff of flame hits the gnoll.
You kill the gnoll!
Aiming: Throw Flame
Press: ? - help, Q - select action Shift-Dir - straight line, f - gnoll
Aim: a gnoll, wielding a +0 club (lightly wounded, 72% to hit)
The puff of flame misses the gnoll.
Aiming: Throw Flame
Press: ? - help, Q - select action Shift-Dir - straight line, f/p - gnoll
Aim: a gnoll, wielding a +0 club (lightly wounded, 72% to hit)
The puff of flame hits the gnoll.
The gnoll is moderately wounded.
The gnoll hits you with a +0 club!
* * * LOW HITPOINT WARNING * * *
The gnoll barely misses you.
You see here 7 stones.
The gnoll hits you with a +0 club.
You die...

..##.# #.#..###.###..#..<.###..#
#.##.# ..#W./........#.....##..#
#....###..#Z.........©#......#..#
###.......#############.....##..#
#....#.....................###..#
#......########........##.......#
.....### #....<.......####.##
......########............†....#
...>............@.........######
.....#########.g####...####
...#.# #..# #...# #.##.#
######..####...# #.##.#
##.............##
#.##.###..####..#######
#......(..####..#
####............# #.###..####.##


You could see a gnoll.

Vanquished Creatures
  2 gnolls (D:3)
  An adder (D:2)
  2 worms (D:3)
  An orc (D:3)
  6 endoplasms
  A giant cockroach (D:2)
  8 hobgoblins (D:1)
  6 jackals
  4 kobolds
  3 quokkas
  6 ball pythons
  10 bats
  2 frilled lizards (D:1)
  5 goblins
  3 rats
60 creatures vanquished.

Notes
Turn   | Place    | Note
-------+----------+-------------------------------------------
     0 | D:1      | Tocho the Demonspawn Fighter began the quest for the Orb.
     0 | D:1      | Reached XP level 1. HP: 18/18 MP: 1/1
   113 | D:1      | Gained mutation: You have a pair of small antennae on your
                  | head. [demonic ancestry]
   113 | D:1      | Reached XP level 2. HP: 9/24 MP: 2/2
   758 | D:1      | Reached XP level 3. HP: 25/29 MP: 3/3
  1545 | D:2      | Found a faded altar of an unknown god.
  2052 | D:3      | Found a transporter.
  2061 | D:3      | Gained mutation: Your demonic aura sometimes causes spilled
                  | blood to erupt in flames. [demonic ancestry]
  2061 | D:3      | Reached XP level 4. HP: 31/35 MP: 4/4
  2535 | D:3      | Noticed Dittersdorf's ghost (amateur GrFi)
  2536 | D:3      | Found a transporter.
  2636 | D:3      | HP: 1/35 [gnoll (8)]
  2661 | D:3      | Slain by a gnoll

Illustrated notes

Levels and vault maps discovered:
D:1:      grunt_arrival_lava_bath, layout_loops_ring, minmay_tall_x
D:2:      layout_basic, ebering_ecumenical_altar_ruins
D:3:      layout_loops_ring, bloody_makhleb, gammafunk_ghost_mausoleum,
          gup_sewer_entry_spiral

Skill      XL: |  1  2  3  4 |
---------------+-------------+-----
Long Blades    | 2 3 |  3.2
Armour         | 3 |  3.4
Fighting       | |  3.4
Dodging        | |  0.1
Stealth        | |  0.2
Shields        | |  2.9

Action                   |  1- 3 |  4- 6 || total
-------------------------+-------+-------++-------
Melee: Long sword        |   152 |    47 ||   199
       Falchion          |       |    13 ||    13
Evoke: Wand              |       |     7 ||     7
Armor: Scale mail        |   110 |    28 ||   138
       Leather armour    |       |     3 ||     3
Dodge: Dodged            |    90 |    35 ||   125

Table legend: (Time is in decaauts)
 A = Elapsed time spent in this place.
 B = Non-inter-level travel time spent in this place.
 C = Inter-level travel time spent in this place.
 D = Time resting spent in this place.
 E = Time spent auto-exploring this place.
 F = Levels seen in this place.
 G = Mean time per level.
                   A        B        C        D        E       F      G
               +--------+--------+--------+--------+--------+-----+--------+
         Total |   2718 |   2675 |     43 |    198 |   1931 |   3 |  906.0 |
       Dungeon |   2718 |   2675 |     43 |    198 |   1931 |   3 |  906.0 |
               +--------+--------+--------+--------+--------+-----+--------+

Top non-repeatable levels by time:
     D:1: 1436 daAuts
     D:3: 650 daAuts
     D:2: 632 daAuts
